 Dungeon Crawl Stone Soup version 0.31-a0-435-g2c6fae2916 (webtiles) character file.

Game seed: 9901657411052157334

3412 arthad the Thrower (level 10, -6/77 HPs)
             Began as a Gnoll Wanderer on Aug 1, 2023.
             Was an Initiate of Gozag.
             Mangled by an orc knight
             ... wielding a +0 halberd
              (18 damage)
             ... in a bailey.
             The game lasted 00:33:37 (9611 turns).

arthad the Thrower (Gnoll Wanderer)                 Turns: 9611, Time: 00:33:37

Health: -6/77      AC: 11    Str: 13    XL:     10   Next: 4%
Magic:  16/20      EV: 12    Int: 18    God:    Gozag
Gold:   1534       SH:  0    Dex: 12    Spells: 18/23 levels left

rFire   + . .        o - +2 scythe (venom)
rCold   + . .        (shield currently unavailable)
rNeg    . . .        b - +0 swamp dragon scales
rPois   +            s - +0 helmet
rElec   .            y - scarf {rC+ rF+}
rCorr   .            w - +0 pair of gloves
SInv    .            (no boots)
Will    .....        (no amulet)
Stlth   ++           q - ring "Jawe" {Fly Int+4 Slay+2}
HPRegen 0.32/turn    (no ring)
MPRegen 0.17/turn

%: no passive effects
@: gold aura, freezing walls, flying
A: fangs 1, strong nose, distributed training
a: Renounce Religion, Potion Petition, Call Merchant, Bribe Branch


You were in a bailey.
You worshipped Gozag.
Gozag was most pleased with you.
You visited 2 branches of the dungeon, and saw 9 of its levels.
You also visited: Ossuary and Bailey.

You collected 1685 gold pieces.
You paid 151 gold pieces to Gozag.

Inventory:

Hand Weapons
 a - a +3 dagger
 f - a +3 quarterstaff of chaos
 i - a +0 arbalest
 o - a +2 scythe of venom (weapon)
 t - a +0 broad axe
Missiles
 r - 5 atropa-tipped darts
 C - a curare-tipped dart
Armour
 b - +0 swamp dragon scales (worn)
 d - a +0 leather armour
 g - a +0 cloak
 s - a +0 helmet (worn)
 w - a +0 pair of gloves (worn)
 y - a scarf of resistance (worn)
 B - +0 steam dragon scales
 F - an orb of light
Jewellery
 q - the ring "Jawe" (left hand) {Fly Int+4 Slay+2}
   (You found it on level 3 of the Dungeon)

   [ring of flight]

   Int:       It affects your intelligence (+4).
   Slay:      It affects your accuracy & damage with ranged weapons and melee
   (+2).
   Fly:       It grants you flight.
 z - a ring of fire
 G - a ring of flight
Wands
 k - a wand of mindburst (6)
 H - a wand of acid (15)
Scrolls
 e - a scroll of vulnerability
 j - a scroll of teleportation
 l - a scroll of torment
 m - 3 scrolls of enchant weapon
 p - a scroll of blinking
 u - a scroll of noise
 E - a scroll of amnesia
 J - a scroll of enchant armour {unknown}
Potions
 c - 2 potions of berserk rage
 h - a potion of brilliance
 n - 5 potions of enlightenment
 x - a potion of heal wounds
 A - 3 potions of curing
 D - a potion of magic {unknown}
 K - 2 potions of mutation {unknown}
 L - a potion of ambrosia {unknown}
 M - a potion of resistance {unknown}


   Skills:
 + Level 6.8 Fighting
 + Level 4.9 Short Blades
 + Level 4.9 Long Blades
 + Level 4.9 Axes
 + Level 4.9 Maces & Flails
 + Level 4.9 Polearms
 + Level 4.9 Staves
 + Level 4.9 Ranged Weapons
 + Level 11.5 Throwing
 + Level 4.9 Armour
 + Level 4.9 Dodging
 + Level 4.9 Stealth
 + Level 4.9 Shields
 + Level 4.9 Unarmed Combat
 + Level 7.1 Spellcasting
 + Level 4.1 Conjurations
 + Level 4.1 Hexes
 + Level 4.1 Summonings
 + Level 4.1 Necromancy
 + Level 4.1 Translocations
 + Level 4.1 Transmutations
 + Level 4.1 Fire Magic
 + Level 4.6 Ice Magic
 + Level 4.1 Air Magic
 + Level 4.1 Earth Magic
 + Level 4.1 Poison Magic
 + Level 5.4 Invocations
 + Level 4.9 Evocations
 + Level 4.1 Shapeshifting


You had 18 spell levels left.
You knew the following spells:

 Your Spells              Type           Power      Damage    Failure   Level
a - Freeze                Ice            92%        1d9       3%          1
b - Necrotise             Necr           84%        1d8       4%          1
c - Frozen Ramparts       Ice            46%        1d7       10%         3

Your spell library contained the following spells:

 Spells                   Type           Power      Damage    Failure   Level
 Apportation              Tloc           42%        N/A       4%          1
 Magic Dart               Conj           84%        1d7       4%          1
 Summon Small Mammal      Summ           84%        N/A       4%          1
 Searing Ray              Conj           42%        2d6       6%          2
 Fulminant Prism          Conj/Hex       10%        3d9       36%         4
 Alistair's Intoxication  Tmut/Pois      14%        N/A       73%         5


Dungeon Overview and Level Annotations

Branches:
Dungeon (8/15)             Temple (1/1) D:7         Ossuary (visited)
 Bailey (1/1)
   Lair: D:8-11

Altars:
Ashenzari
Cheibriados
Dithmenos
Elyvilon
Fedhas
Gozag
Kikubaaqudgha
Makhleb
Nemelex Xobeh
Okawaru
Qazlal
Ru
Sif Muna
Trog
Uskayaw
Vehumet
Wu Jian
Xom
Yredelemnul
Zin
The Shining One

Shops:
D:3 *

Annotations:
D:4 2 transporters
D:7 1 runed translucent door, Gelion's ghost, novice OpSh


Innate Abilities, Weirdness & Mutations

You have very sharp teeth.
Your uncanny sense of smell can sniff out nearby items.
Your experience applies equally to all skills.


Message History

You shoot a bolt. The bolt hits the orc knight.
The orc knight is lightly wounded.
The orc barely misses you. x2; The orc knight barely misses you.
The orc closely misses you. The orc knight closely misses you.
The orc barely misses you.
You shoot a bolt.
The bolt hits the orc knight but does no damage.
The orc knight is lightly wounded.
The orc closely misses you.
The orc hits you from afar with a +0 spear.
The orc knight hits you from afar with a +0 halberd.
There is an open gate here.
You shoot a bolt. The bolt hits the orc.
The orc is moderately wounded.
The orc misses you.
Your +2 scythe of venom begins to drip with poison!
o - a +2 scythe of venom (weapon)
The orc knight hits you from afar with a +0 halberd!
You are too injured to fight recklessly!
You are too injured to fight recklessly!
You are too injured to fight recklessly!
You are too injured to fight recklessly!
Aiming: Necrotise (safe; 4% risk of failure)
Press: ? - help, Q - select action, (/) - cycle Shift-Dir - straight line, f/p - orc
Aim: an orc, wielding a +0 spear and wearing a +0 ring mail (moderately wounded, strong, chance to affect: 90%)
The orc knight struggles to resist.
The orc knight hits you from afar with a +0 halberd!!
* * * LOW HITPOINT WARNING * * *
Casting: Necrotise (safe; 4% risk of failure)
Confirm with . or Enter, or press ? or * to list all spells.
Casting: Frozen Ramparts (dangerous; 10% risk of failure)
Press: ? - help, Dir - look around, f - activate An open gate, spattered with blood.
The walls around you are covered in ice.
The wall freezes the orc.
You kill the orc!
The wall freezes the orc knight but does no damage.
The orc knight hits you from afar with a +0 halberd!!
You die...
Your body crumbles into a pile of gold.

........≈≈≈≈≈..
........≈≈###≈≈.
........≈##.##≈.
............#≈.
.......≈#∩)##≈.
#######....≈##)#≈≈.
##....##....≈≈≈)≈≈..
##.....##........)...
##..#@''##............
#..##∩.∩##..##........
#.####o####.##........
#.')#.o.#.'.##........
#.###.8.###.##........
#.'.#:.)#.'.##........
#.#########.##........
#..##.#.##..#.........
##..#'#'#..##.........


You could see an orc knight and an orc (strong).

Vanquished Creatures
  Joseph (D:7)
  Maggie (D:6)
  Sigmund (D:2)
  A steam dragon (D:6)
  2 black bears
  5 orc warriors
  2 ogres
  2 phantoms (D:6)
  4 scorpions
  3 water moccasin zombies (Ossuary)
  5 killer bees (D:7)
  7 electric eels (D:7)
  A jelly (D:6)
  4 hounds
  An orc priest (D:7)
  Crazy Yiuf (D:7)
  A sleepcap (D:7)
  Terence (D:3)
  3 iguanas
  2 orc wizards (D:7)
  2 mummies (Ossuary)
  12 adders
  A shadow imp (D:7)
  2 white imps
  An ufetubus (D:6)
  7 adder zombies (Ossuary)
  2 worms
  A dart slug (D:5)
  18 orcs
  5 bats
  10 endoplasms
  2 giant cockroaches (D:1)
  14 goblins
  3 hobgoblins
  8 jackals
  5 kobolds
  8 quokkas
  6 ball pythons
  A frilled lizard (D:2)
  3 gnoll zombies (Ossuary)
  4 hobgoblin zombies (Ossuary)
  6 kobold zombies (Ossuary)
  3 orc zombies (Ossuary)
  4 rats
  A butterfly (D:7)
177 creatures vanquished.

Vanquished Creatures (collateral kills)
  An orc (D:7)
1 creature vanquished.

Grand Total: 178 creatures vanquished

Notes
Turn   | Place    | Note
-------+----------+-------------------------------------------
     0 | D:1      | Reached skill level 10 in Throwing
     0 | D:1      | arthad the Gnoll Wanderer began the quest for the Orb.
     0 | D:1      | arthad set off with the following items: a +3 dagger, 2
                  | curare-tipped darts, a potion of berserk rage, a +0 leather
                  | armour; and the following spell memorised: Freeze; and the
                  | following spells available to memorise: Frozen Ramparts.
     0 | D:1      | Reached XP level 1. HP: 20/20 MP: 6/6
   210 | D:1      | Reached XP level 2. HP: 26/26 MP: 5/7
  1059 | D:2      | Reached XP level 3. HP: 31/31 MP: 6/9
  1092 | D:2      | Reached skill level 5 in Spellcasting
  1106 | D:2      | Learned a level 1 spell: Necrotise
  1314 | D:2      | Reached skill level 1 in Invocations
  1410 | D:2      | Reached skill level 1 in Short Blades
  1410 | D:2      | Reached skill level 1 in Long Blades
  1410 | D:2      | Reached skill level 1 in Axes
  1410 | D:2      | Reached skill level 1 in Maces & Flails
  1410 | D:2      | Reached skill level 1 in Polearms
  1410 | D:2      | Reached skill level 1 in Staves
  1410 | D:2      | Reached skill level 1 in Ranged Weapons
  1410 | D:2      | Reached skill level 1 in Armour
  1410 | D:2      | Reached skill level 1 in Dodging
  1410 | D:2      | Reached skill level 1 in Stealth
  1410 | D:2      | Reached skill level 1 in Shields
  1410 | D:2      | Reached skill level 1 in Unarmed Combat
  1410 | D:2      | Reached skill level 1 in Evocations
  1526 | D:2      | Reached XP level 4. HP: 27/38 MP: 6/11
  1577 | D:2      | Noticed Sigmund
  1583 | D:2      | Killed Sigmund
  1584 | D:2      | Reached skill level 1 in Conjurations
  1584 | D:2      | Reached skill level 1 in Hexes
  1584 | D:2      | Reached skill level 1 in Summonings
  1584 | D:2      | Reached skill level 1 in Necromancy
  1584 | D:2      | Reached skill level 1 in Translocations
  1584 | D:2      | Reached skill level 1 in Transmutations
  1584 | D:2      | Reached skill level 1 in Fire Magic
  1584 | D:2      | Reached skill level 1 in Air Magic
  1584 | D:2      | Reached skill level 1 in Earth Magic
  1584 | D:2      | Reached skill level 1 in Poison Magic
  1584 | D:2      | Reached skill level 1 in Shapeshifting
  1584 | D:2      | Reached XP level 5. HP: 33/43 MP: 12/12
  1584 | D:2      | Reached XP level 6. HP: 39/50 MP: 13/13
  1991 | D:3      | Noticed Terence
  2003 | D:3      | Killed Terence
  2207 | D:3      | Identified the ring "Jawe" {Fly Int+4 Slay+2}
  2235 | D:3      | Reached skill level 5 in Fighting
  2391 | D:3      | Found a shimmering altar of Xom.
  3024 | D:3      | Found Igenum Purr's General Store.
  3405 | D:4      | Found a transporter.
  3617 | D:4      | Found a transporter.
  3661 | D:4      | Reached XP level 7. HP: 56/56 MP: 5/15
  4486 | D:5      | Entered Level 5 of the Dungeon
  5105 | D:5      | Found a shadowy altar of Dithmenos.
  5132 | D:5      | Found a bloodstained altar of Trog.
  5426 | D:6      | Noticed a steam dragon
  5443 | D:6      | Killed a steam dragon
  5444 | D:6      | Reached XP level 8. HP: 44/63 MP: 7/16
  5460 | D:6      | Learned a level 3 spell: Frozen Ramparts
  5606 | D:6      | Noticed Maggie
  5634 | D:6      | Killed Maggie
  5635 | D:6      | Reached skill level 11 in Throwing
  6061 | D:6      | Found a stormy altar of Qazlal.
  6064 | D:6      | Noticed an air elemental
  6064 | D:6      | Noticed a water elemental
  6635 | D:7      | Reached XP level 9. HP: 45/69 MP: 5/18
  6812 | D:7      | Found a staircase to the Ecumenical Temple.
  6852 | D:7      | Found a sand-covered staircase.
  6943 | Ossuary  | Entered an ossuary
  7483 | Temple   | Entered the Ecumenical Temple
  7497 | Temple   | Became a worshipper of Gozag Ym Sagoz the Greedy
  7508 | D:7      | Noticed Joseph
  7516 | D:7      | Killed Joseph
  7773 | D:7      | Reached skill level 5 in Invocations
  8085 | D:7      | Found a runed translucent door.
  8086 | D:7      | Noticed Gelion's ghost (novice OpSh)
  8208 | D:7      | Found a blossoming altar of Fedhas.
  8961 | D:7      | Found a runed translucent door.
  8962 | D:7      | Noticed Crazy Yiuf
  8969 | D:7      | Killed Crazy Yiuf
  9097 | D:8      | Identified a scroll of acquirement
  9099 | D:8      | Acquired 1056 gold pieces
  9149 | D:8      | Found a flagged portal.
  9202 | Bailey   | Entered a bailey
  9392 | Bailey   | Reached XP level 10. HP: 58/77 MP: 20/20
  9601 | Bailey   | Noticed an orc knight
  9611 | Bailey   | Mangled by an orc knight

Illustrated notes

Levels and vault maps discovered:
D:1:      wander_arrival_fairy_ring, layout_loops_ring, bh_walls_and_bars
D:2:      layout_rooms, uniq_sigmund
D:3:      layout_basic, mainiacjoe_overflow_cross_hatched, serial_shops,
          nicolae_shop_waterfront, uniq_terence
D:4:      gammafunk_wand_slinger, layout_layer_cave
D:5:      layout_cave_pools, mainiacjoe_overflow_paths, trog_hazing_becter
D:6:      nicolae_cairo_tiling_very_big, layout_gridville,
          nicolae_qazlal_style_of_elements, uniq_maggie
D:7:      layout_loops_ring, fedhas_altar_fruit_tree,
          minmay_temple_entry_butterflies, serial_bayou, serial_bayou_shore_a,
          serial_bayou_pond_b, serial_bayou_pond_c, serial_bayou_ford_a,
          serial_bayou_pond_d, nicolae_ossuary_entry_false_entrances,
          ebering_ghost_inner_flame, roderic_cross_of_infinity, uniq_joseph,
          uniq_crazy_yiuf_cottage
D:8:      layout_cave_pools, dpeg_lair_monsters, enter_bailey_3, serial_shops,
          nicolae_shop_waterfront
Temple:   nicolae_temple_x_marks_the_god
Bailey:   bailey_polearm_2, bailey

Skill      XL: |  1  2  3  4  5  6  7  8  9 |
---------------+----------------------------+-----
Throwing       | 11 | 11.5
Ice Magic      | 2 3 4 |  4.6
Spellcasting   | 5 6 7 |  7.1
Invocations    | 1 2 3 4 5 |  5.4
Short Blades   | 1 2 3 4 |  4.9
Long Blades    | 1 2 3 4 |  4.9
Axes           | 1 2 3 4 |  4.9
Maces & Flails | 1 2 3 4 |  4.9
Polearms       | 1 2 3 4 |  4.9
Staves         | 1 2 3 4 |  4.9
Ranged Weapons | 1 2 3 4 |  4.9
Armour         | 1 2 3 4 |  4.9
Dodging        | 1 2 3 4 |  4.9
Stealth        | 1 2 3 4 |  4.9
Shields        | 1 2 3 4 |  4.9
Unarmed Combat | 1 2 3 4 |  4.9
Evocations     | 1 2 3 4 |  4.9
Conjurations   | 1 2 3 4 |  4.1
Hexes          | 1 2 3 4 |  4.1
Summonings     | 1 2 3 4 |  4.1
Necromancy     | 1 2 3 4 |  4.1
Translocations | 1 2 3 4 |  4.1
Transmutations | 1 2 3 4 |  4.1
Fire Magic     | 1 2 3 4 |  4.1
Air Magic      | 1 2 3 4 |  4.1
Earth Magic    | 1 2 3 4 |  4.1
Poison Magic   | 1 2 3 4 |  4.1
Shapeshifting  | 1 2 3 4 |  4.1
Fighting       | 5 6 |  6.8

Action                     |  1- 3 |  4- 6 |  7- 9 | 10-12 || total
---------------------------+-------+-------+-------+-------++-------
  Melee: Dagger            |    12 |       |   284 |       ||   296
         Bite              |     1 |       |    38 |       ||    39
         Punch             |       |       |    12 |       ||    12
         Quarterstaff      |       |       |     4 |       ||     4
   Fire: Arbalest          |       |       |     8 |    17 ||    25
  Throw: Dart              |       |     4 |     7 |       ||    11
   Cast: Freeze            |    67 |    28 |   112 |       ||   207
         Necrotise         |       |    79 |   129 |     1 ||   209
         Frozen Ramparts   |       |       |     3 |     1 ||     4
  Evoke: Wand              |       |     1 |    13 |       ||    14
    Use: Scroll            |       |       |    20 |       ||    20
         Potion            |       |       |     3 |       ||     3
   Stab: Sleeping          |       |       |     3 |       ||     3
         Invisible         |       |       |     1 |       ||     1
 Armour: Leather armour    |    21 |     9 |    25 |       ||    55
         Swamp dragon scal |       |       |   138 |     9 ||   147
  Dodge: Dodged            |    45 |    22 |   250 |    22 ||   339

Table legend: (Time is in decaauts)
 A = Elapsed time spent in this place.
 B = Non-inter-level travel time spent in this place.
 C = Inter-level travel time spent in this place.
 D = Time resting spent in this place.
 E = Time spent auto-exploring this place.
 F = Levels seen in this place.
 G = Mean time per level.
                   A        B        C        D        E       F      G
               +--------+--------+--------+--------+--------+-----+--------+
         Total |   9546 |   9328 |    218 |    701 |   7029 |  11 |  867.8 |
       Dungeon |   8797 |   8596 |    201 |    692 |   6596 |   8 | 1099.6 |
        Temple |     18 |      2 |     16 |      0 |      0 |   1 |   18.0 |
       Ossuary |    303 |    303 |      0 |      0 |    136 |   1 |  303.0 |
        Bailey |    426 |    426 |      0 |      9 |    297 |   1 |  426.0 |
               +--------+--------+--------+--------+--------+-----+--------+

Top non-repeatable levels by time:
     D:7: 2127 daAuts
     D:4: 1259 daAuts
     D:3: 1244 daAuts
     D:6: 1210 daAuts
     D:1: 995 daAuts
     D:2: 984 daAuts
     D:5: 868 daAuts
  Bailey: 426 daAuts
 Ossuary: 303 daAuts
     D:8: 107 daAuts
  Temple: 18 daAuts
